Map: [ESL] Tropical Sacrifice

Players

DisK - Winner!

  • Race: Protoss Protoss
  • Spawn Location: 7:00

Future

  • Race: Terran Terran
  • Spawn Location: 1:00

Event: DreamHack SC2 Masters 2022 Atlanta (Online)

VOD

Have the link to the VOD?

Description

Time

  • Played on: Oct. 4, 2022, 5:21 p.m.
  • Length: 15:26

All games in this series

Show
View Real Time Build Order
Export as new Build Order

DisK Protoss - Winner!

Build Orders: Blink Stalkers, Colossus Rush 

Get SALT Encoding   

  12  0:00  Probe  
  13  0:12  Probe  
  14  0:17  Pylon  
  14  0:24  Probe  
  15  0:36  Gateway  
  15  0:37  Probe (Chrono Boost)  
  16  0:46  Probe (Chrono Boost), Assimilator  
  17  0:51  Probe  
  18  1:03  Probe  
  19  1:21  Probe  
  19  1:24  Cybernetics Core  
  20  1:33  Probe  
  21  1:46  Nexus  
  21  1:54  Pylon  
  21  1:58  Probe  
  22  2:03  Assimilator  
  22  2:07  Adept (Chrono Boost)  
  21  2:13  Probe  
  24  2:17  Warp Gate  
  24  2:25  Probe  
  25  2:37  Probe, Stalker (Chrono Boost)  
  28  2:49  Probe  
  29  2:52  Twilight Council  
  30  2:58  Probe  
  30  3:01  Probe, Stalker (Chrono Boost)  
  32  3:12  Probe  
  32  3:17  Probe  
  33  3:23  Gateway  
  33  3:24  Probe  
  33  3:26  Blink (Chrono Boost)  
  34  3:29  Probe  
  35  3:38  Probe (Chrono Boost)  
  36  3:47  Probe (Chrono Boost)  
  36  3:50  Probe (Chrono Boost)  
  36  3:55  Robotics Facility  
  36  3:56  Probe (Chrono Boost)  
  36  3:57  Probe  
  38  4:05  Stalker, Pylon  
  38  4:09  Probe x2  
  42  4:15  Assimilator  
  42  4:16  Assimilator  
  42  4:21  Probe x2, Stalker  
  46  4:30  Pylon  
  46  4:33  Probe x2  
  48  4:39  Stalker  
  48  4:41  Shield Battery  
  48  4:43  Observer  
  48  4:45  Probe  
  52  4:50  Probe  
  53  4:52  Robotics Bay  
  53  4:57  Probe  
  54  5:00  Stalker  
  54  5:05  Probe  
  57  5:09  Probe  
  58  5:16  Pylon  
  58  5:18  Observer  
  58  5:19  Probe  
  59  5:26  Probe  
  59  5:28  Charge  
  60  5:31  Nexus  
  60  5:34  Stalker x2  
  64  5:42  Colossus  
  70  6:00  Pylon  
  70  6:16  Pylon  
  68  6:19  Observer  
  68  6:21  Gateway  
  68  6:26  Gateway  
  68  6:31  Stalker x2  
  70  6:34  Probe  
  70  6:35  Colossus (Chrono Boost)  
  77  6:42  Nexus  
  77  6:44  Extended Thermal Lance  
  77  6:50  Probe x2  
  78  6:58  Pylon  
  78  6:59  Pylon  
  78  7:14  Pylon  
  78  7:17  Shield Battery, Sentry x2, Stalker  
  78  7:21  Zealot  
  86  7:25  Forge  
  86  7:26  Forge  
  86  7:28  Colossus (Chrono Boost), Probe x2  
  94  7:40  Probe x2  
  94  7:42  Pylon  
  96  7:46  Shield Battery  
  96  7:48  Zealot, Sentry x2  
  102  7:52  Pylon  
  102  7:54  Probe x3  
  102  7:55  Protoss Ground Armor Level 1 (Chrono Boost)  
  105  7:58  Sentry  
  105  8:05  Protoss Ground Weapons Level 1 (Chrono Boost)  
  107  8:08  Probe x2  
  107  8:09  Probe  
  107  8:11  Pylon  
  107  8:12  Pylon  
  106  8:26  Zealot x4  
  112  8:32  Gateway x2  
  112  8:36  Probe x3  
  112  8:39  Assimilator  
  112  8:40  Assimilator  
  113  8:49  Stalker x4  
  113  8:50  Disruptor  
  113  8:51  Probe  
  123  9:14  Zealot x4  
  117  9:29  Zealot x2  
  121  9:32  Colossus  
  121  9:34  Zealot x2  
  121  9:35  Zealot x2  
  135  9:39  Shield Battery  
  135  9:41  Nexus  
  135  9:54  Zealot  
  135  9:55  Zealot x2  
  135  9:58  Pylon x3  
  140  10:09  Protoss Ground Armor Level 2 (Chrono Boost)  
  140  10:10  Protoss Ground Weapons Level 2 (Chrono Boost)  
  140  10:11  Probe  
  141  10:16  Probe  
  141  10:19  Templar Archives  
  142  10:24  Disruptor (Chrono Boost)  
  142  10:26  Stalker x6  
  157  10:30  Probe x3  
  157  10:31  Shield Battery  
  160  10:36  Pylon  
  160  10:42  Probe x2, Pylon  
  162  10:43  Probe  
  163  10:54  Probe  
  163  10:55  Disruptor  
  166  11:00  Robotics Facility  
  166  11:04  Zealot x6  
  141  11:24  Zealot x6  
  135  11:26  Probe x4  
  139  11:34  Disruptor  
  139  11:38  Probe  
  143  11:44  Gateway  
  143  11:46  Gateway  
  143  11:49  High Templar x4, Pylon  
  143  11:50  Stalker x2  
  149  11:54  Archon x2  
  149  12:02  Disruptor  
  152  12:10  Disruptor  
  155  12:17  Stalker  
  155  12:18  Protoss Ground Armor Level 3 (Chrono Boost), Protoss Ground Weapons Level 3 (Chrono Boost), Stalker  
  155  12:20  Probe  
  155  12:21  Probe x3  
  163  12:26  Zealot, Stalker x3  
  171  12:40  Disruptor (Chrono Boost)  
  171  12:41  Zealot  
  171  12:42  Zealot x3  
  180  12:45  Nexus  
  180  12:47  Pylon  
  180  12:50  Disruptor (Chrono Boost), Pylon  
  183  13:00  Dark Shrine  
  183  13:02  Probe  
  183  13:03  Probe x3  
  187  13:07  Disruptor (Chrono Boost)  
  190  13:15  Zealot x5  
  194  13:31  Colossus (Chrono Boost)  
  194  13:33  Zealot x2  
  177  13:38  Colossus (Chrono Boost)  
  185  13:44  Stalker x2  
  181  13:48  Gateway  
  181  13:50  Gateway  
  181  13:53  Gateway  
  181  13:54  Gateway  
  167  14:00  Stalker  
  163  14:10  Probe x2  
  162  14:18  Zealot x2  
  166  14:29  Zealot  
  166  14:40  Zealot x2  
  170  14:48  Zealot x4  
  170  14:49  Probe x4  
  170  14:52  Assimilator  
  175  15:10  Zealot x7  
Show
View Real Time Build Order
Export as new Build Order

Future Terran 

Build Orders:  

Get SALT Encoding   

  12  0:00  SCV  
  13  0:12  SCV  
  14  0:17  Supply Depot  
  14  0:24  SCV  
  15  0:39  SCV  
  15  0:41  Barracks  
  16  0:46  Refinery  
  16  0:51  SCV  
  17  1:03  SCV  
  18  1:06  Engineering Bay  
  18  1:15  SCV  
  19  1:19  Engineering Bay  
  19  1:30  Reaper, Orbital Command  
  20  1:37  Supply Depot  
  20  1:57  SCV  
  21  2:02  Reaper  
  21  2:05  Bunker  
  22  2:09  SCV  
  23  2:17  Command Center  
  23  2:21  SCV  
  24  2:33  SCV  
  24  2:38  Barracks Reactor  
  24  2:44  Barracks x2  
  24  2:45  SCV  
  25  2:57  SCV  
  26  2:59  Supply Depot  
  26  3:10  SCV  
  27  3:16  Marine x2  
  29  3:22  SCV  
  30  3:34  Marine x2  
  31  3:38  Barracks Tech Lab x2  
  31  3:40  SCV  
  33  3:50  Orbital Command  
  33  3:52  SCV  
  33  3:53  Marine x2  
  36  3:57  Stimpack, Combat Shield, Marine x2  
  36  4:01  Supply Depot  
  38  4:03  Refinery  
  38  4:04  SCV  
  39  4:11  Marine x2  
  39  4:15  Marauder x2  
  39  4:16  SCV  
  46  4:18  SCV  
  47  4:28  SCV  
  47  4:29  Marine x2  
  47  4:30  SCV  
  47  4:31  Refinery  
  51  4:35  Supply Depot  
  51  4:37  Marauder x2  
  55  4:40  SCV  
  55  4:42  SCV  
  57  4:48  Marine x2  
  59  4:52  SCV  
  59  4:54  SCV  
  59  4:57  Factory  
  59  4:58  Supply Depot  
  61  5:01  Marauder x2  
  61  5:05  SCV  
  61  5:07  SCV  
  67  5:08  Supply Depot  
  66  5:17  SCV  
  66  5:18  Marine  
  66  5:19  SCV  
  66  5:20  Marine  
  70  5:22  Marauder  
  70  5:23  Marauder  
  73  5:29  Concussive Shells  
  73  5:30  SCV  
  73  5:31  SCV  
  73  5:32  Supply Depot  
  75  5:37  Marine  
  75  5:42  Marine  
  77  5:44  Marauder x2  
  80  5:50  Engineering Bay  
  80  5:54  SCV  
  80  5:55  SCV  
  80  6:02  Factory Reactor  
  80  6:03  Starport  
  80  6:07  SCV x2  
  80  6:08  Marauder, Marine x2  
  81  6:24  Terran Infantry Weapons Level 1  
  75  6:27  Barracks x2  
  75  6:32  Marauder x2  
  73  6:41  Refinery  
  73  6:45  Factory Tech Lab, Marine x2  
  75  6:53  Marauder x2  
  78  7:02  Medivac x2, Marine  
  78  7:03  Marine  
  78  7:05  Siege Tank  
  82  7:14  Marauder x2  
  86  7:16  Supply Depot  
  86  7:17  Barracks Tech Lab  
  86  7:18  Barracks Reactor  
  86  7:20  Marine x2  
  88  7:35  Medivac x2  
  88  7:36  Marauder  
  88  7:37  Command Center  
  94  7:38  Marauder, Marine x2  
  94  7:39  Supply Depot  
  94  7:42  Supply Depot, Marauder  
  100  7:56  Supply Depot, Marine x2  
  102  8:01  Siege Tank, Marauder  
  102  8:05  Marauder  
  111  8:06  Marauder  
  111  8:08  Marine x2  
  107  8:25  Marauder, Marine  
  107  8:26  Marauder  
  112  8:31  Marauder, Marine  
  112  8:33  Siege Tank  
  118  8:39  Ghost Academy  
  118  8:43  Marine x2  
  118  8:46  Marauder  
  118  8:48  Marauder  
  124  8:49  Orbital Command  
  124  8:53  Marine x2  
  126  8:56  Marauder  
  118  9:16  Marauder  
  118  9:17  Marauder  
  117  9:21  Siege Tank  
  117  9:22  Marauder, Marine x2  
  119  9:31  SCV x2  
  119  9:32  SCV  
  119  9:37  Ghost x2  
  119  9:38  Medivac x2  
  130  9:39  Marine x2  
  132  9:53  Siege Tank  
  132  9:54  Ghost  
  132  9:56  Marine  
  132  9:57  Marine x2  
  132  9:59  Marine  
  141  10:03  Supply Depot  
  141  10:04  Supply Depot  
  141  10:14  Supply Depot x2  
  141  10:24  SCV, Marine x3, Ghost  
  141  10:25  SCV x2, Medivac x2, Marauder, Marine  
  156  10:35  Siege Tank  
  156  10:36  Marauder  
  156  10:42  Marine x3  
  164  10:43  Supply Depot  
  164  10:46  Supply Depot, Marauder  
  166  10:53  Marauder  
  166  10:54  Terran Infantry Armor Level 1  
  168  10:57  Marauder, Marine  
  168  11:00  Marine  
  172  11:07  Marauder  
  174  11:15  Marauder  
  130  11:18  Marauder, Marine  
  130  11:19  Marine x2  
  130  11:20  Siege Tank  
  130  11:25  Marine  
  116  11:26  Viking  
  116  11:27  Viking  
  116  11:29  Marauder  
  123  11:36  Marauder, Marine  
  123  11:38  Marine  
  129  11:40  Marauder  
  129  11:42  Marine  
  130  11:50  Marauder  
  130  11:54  Siege Tank  
  135  11:56  Viking  
  135  11:57  Marauder  
  139  12:07  Marauder, Marine x2  
  143  12:08  Viking  
  143  12:12  Marauder  
  143  12:14  Marine  
  148  12:19  Marauder  
  148  12:20  Marine  
  151  12:27  Siege Tank  
  151  12:28  Viking  
  151  12:29  Marauder  
  158  12:36  Marauder, Marine  
  161  12:37  Marine  
  161  12:38  Viking, Marine  
  161  12:40  Marauder  
  161  12:44  Marine  
  167  12:50  Marauder  
  170  12:54  Marine  
  170  12:55  Marine  
  170  12:56  Marine  
  173  12:59  Siege Tank, Marauder  
  177  13:20  Marauder  
  166  13:31  Marauder x2  
  166  13:32  Marine x2  
  166  13:33  Siege Tank  
  155  13:41  Marauder  
  155  13:47  Marine  
  150  13:53  Marauder x2  
  132  13:57  Marine  
  132  13:58  Marine  
  132  13:59  Medivac x2  
  140  14:03  Marauder  
  140  14:06  Siege Tank  
  140  14:07  Marine x2  
  145  14:13  Ghost  
  145  14:14  Marauder  
  149  14:21  Marine  
  149  14:24  Marauder, Marine  
  147  14:35  Marauder, Marine x2  
  151  14:39  Siege Tank  
  151  14:43  Marauder, Marine  
  151  14:45  Medivac x2, Marauder  
  163  14:55  Marine  
  163  14:57  Marauder, Marine  
  167  15:04  Marauder  
  149  15:07  Marine  
Tags
 
Add a new tag
Caveats
  • Supply blocks, unpowered buildings, or Contaminate may cause inaccurate times.
  • Supply counts are checked every 10 seconds.